[Event "GCT Cote d Ivoire Rapid 2019"]
[Site "Abidjan"]
[Date "2019.05.08"]
[Round "1.3"]
[White "Amin, Bassem"]
[Black "Ding, Liren"]
[Result "0-1"]
[ECO "C88"]
[WhiteElo "2683"]
[BlackElo "2786"]
[Annotator "ChessBase"]
[PlyCount "154"]
[EventDate "2019.05.05"]
[EventType "tourn"]
[SourceTitle "playchess.com"]
[Source "ChessBase"]
[SourceQuality "1"]
[TimeMode "Bronstein"]
[TimeControl "1500+10"]

1. e4 e5 2. Nf3 Nc6 3. Bb5 a6 4. Ba4 Nf6 5. O-O Be7 6. Re1 b5 7. Bb3 O-O 8. a4 b4 9. d4 d6 10. dxe5 Nxe5 11. Nbd2 Nfd7 12. Nd4 Bb7 13. Bd5 c6 14. Ba2 Re8 15. f4 Ng6 16. c3 d5 17. N2f3 Bf8 18. e5 c5 19. Nf5 c4 20. N5d4 Nc5 21. f5 Nh4 22. Ng5 h6 23. Qh5 hxg5 24. Bxg5 Qc7 25. Qxh4 Rxe5 26. Bf4 Qe7 27. Bg5 f6 28. Rxe5 Qxe5 29. Bf4 Qe8 30. Re1 Qxa4 31. Bb1 Re8 32. Ne6 bxc3 33. bxc3 Nd3 34. Bxd3 cxd3 35. Qg3 d4 36. cxd4 Qc2 37. Qf2 Bb4 38. Rc1 d2 39. Bxd2 Qxd2 40. Qxd2 Bxd2 41. Rc7 Bd5 42. Rxg7+ Kh8 43. Rd7 Bxe6 44. fxe6 Rxe6 45. d5 Rb6 46. d6 a5 47. Kf2 Bb4 48. Rd8+ Kg7 49. d7 Rd6 50. h4 Rd4 51. h5 Be7 52. Ra8 a4 53. Ra7 Kh6 54. Ke3 Rd1 55. Rxa4 Rxd7 56. g4 Rd5 57. Ke4 Re5+ 58. Kf4 Bc5 59. Ra8 Be3+ 60. Kf3 Bg5 61. Rg8 Kh7 62. Ra8 Re3+ 63. Kf2 Rb3 64. Rc8 Bh4+ 65. Ke2 Rg3 66. Rc4 Kh6 67. Ra4 Kg5 68. Ra5+ Kxg4 69. h6 Bg5 70. Ra4+ Bf4 71. h7 Rh3 72. Ra7 f5 73. Kf2 Be5 74. Kg2 Rh2+ 75. Kg1 Rh6 76. Re7 Bf6 77. Rf7 Kg5 0-1

[Event "GCT Cote d Ivoire Rapid 2019"]
[Site "Abidjan"]
[Date "2019.05.08"]
[Round "3.3"]
[White "Amin, Bassem"]
[Black "So, Wesley"]
[Result "0-1"]
[ECO "B51"]
[WhiteElo "2683"]
[BlackElo "2772"]
[Annotator "RC"]
[PlyCount "90"]
[EventDate "2019.05.05"]
[EventType "tourn"]
[SourceTitle "playchess.com"]
[Source "ChessBase"]
[SourceQuality "1"]
[TimeMode "Bronstein"]
[TimeControl "1500+10"]

1. e4 c5 2. Nf3 d6 3. Bb5+ Nd7 4. O-O a6 5. Bd3 Ngf6 6. Re1 e6 7. c3 b5 8. Bc2 c4 9. a4 Bb7 10. d4 cxd3 11. Qxd3 Nc5 12. Qe2 bxa4 13. Be3 Nfxe4 14. Nbd2 Nxd2 15. Nxd2 Rc8 16. Bxc5 Rxc5 17. Bxa4+ Ke7 18. Nb3 Rg5 19. g3 g6 20. Qc4 Bg7 21. Rad1 Qb6 22. Nd4 Re5 23. Nc6+ Bxc6 24. Qxc6 Qxc6 25. Bxc6 Rc5 26. Be4 Rb8 27. Re2 Rcb5 28. Rdd2 R5b6 29. Kf1 a5 30. Rc2 a4 31. Bd5 Kf8 32. Ba2 d5 33. h4 d4 34. Red2 d3 35. Rxd3 Rxb2 36. Rxb2 Rxb2 37. Bc4 Ke7 38. Re3 a3 39. Re2 Bxc3 40. Rxb2 Bxb2 41. Ke2 h5 42. Kd3 Kd6 43. Bb3 Kc5 44. Ba2 Bd4 45. f3 Bf2 {Kd4+} 0-1

[Event "GCT Cote d Ivoire Rapid 2019"]
[Site "Abidjan"]
[Date "2019.05.08"]
[Round "3.5"]
[White "Ding, Liren"]
[Black "Wei, Yi"]
[Result "0-1"]
[ECO "D85"]
[WhiteElo "2786"]
[BlackElo "2737"]
[Annotator "ChessBase"]
[PlyCount "136"]
[EventDate "2019.05.05"]
[EventType "tourn"]
[SourceTitle "playchess.com"]
[Source "ChessBase"]
[SourceQuality "1"]
[TimeMode "Bronstein"]
[TimeControl "1500+10"]

1. d4 Nf6 2. c4 g6 3. Nc3 d5 4. cxd5 Nxd5 5. e4 Nxc3 6. bxc3 Bg7 7. Be3 c5 8. Rc1 O-O 9. Nf3 Qa5 10. Qd2 Nd7 11. Bd3 e5 12. Bh6 exd4 13. Bxg7 Kxg7 14. cxd4 Qxd2+ 15. Kxd2 b6 16. d5 Bb7 17. a4 Rfe8 18. a5 Rad8 19. Rhe1 f5 20. exf5 Bxd5 21. fxg6 hxg6 22. Rxe8 Rxe8 23. axb6 axb6 24. Ra1 Kf6 25. Bb5 Rd8 26. Ne1 Nf8 27. Kc3 Ne6 28. Bf1 Rb8 29. Nc2 b5 30. Ne3 Ke5 31. Ra6 b4+ 32. Kb2 Ra8 33. Rxa8 Bxa8 34. h4 Be4 35. f3 Bc6 36. Bc4 Nf4 37. Bf7 Ba4 38. g3 Nd3+ 39. Kb1 Kd4 40. Ng4 Kc3 41. Ne3 Ne5 42. Be6 Nxf3 43. Nd5+ Kd4 44. Nf4 c4 45. Nxg6 c3 46. Nf4 Nd2+ 47. Kc1 b3 48. Ne2+ Kd3 49. Nf4+ Kd4 50. Ne2+ Kd3 51. Nf4+ Ke3 52. Bxb3 Bxb3 53. h5 Ne4 54. h6 Nf6 55. Ng2+ Kf2 56. Nf4 Ke3 57. Ng2+ Kf3 58. Nf4 Nh7 59. Nd3 Ke3 60. Nc5 Bf7 61. Kc2 Kd4 62. Na4 Bg6+ 63. Kb3 Bf7+ 64. Kc2 Bg6+ 65. Kb3 c2 66. Kb2 Ng5 67. Nb6 Nf3 68. Nd7 Ng1 0-1

[Event "GCT Cote d Ivoire Rapid 2019"]
[Site "Abidjan"]
[Date "2019.05.09"]
[Round "4.3"]
[White "Nakamura, Hikaru"]
[Black "Topalov, Veselin"]
[Result "1-0"]
[ECO "A06"]
[WhiteElo "2805"]
[BlackElo "2736"]
[Annotator "ChessBase"]
[PlyCount "87"]
[EventDate "2019.05.05"]
[EventType "tourn"]
[SourceTitle "playchess.com"]
[Source "ChessBase"]
[SourceQuality "1"]
[TimeMode "Bronstein"]
[TimeControl "1500+10"]

1. Nf3 d5 2. e3 Nf6 3. c4 c6 4. Nc3 Nbd7 5. Qc2 e5 6. cxd5 Nxd5 7. a3 Bd6 8. d4 O-O 9. Bd3 h6 10. O-O exd4 11. Nxd5 cxd5 12. Nxd4 Nc5 13. Be2 Re8 14. Bd2 Bd7 15. Bf3 Ne4 16. Bb4 Be5 17. Rad1 Qb6 18. Qb3 Bxd4 19. Rxd4 a5 20. Qxd5 Bb5 21. Bxe4 Bxf1 22. Bc5 Qa6 23. Qf5 Rxe4 24. Qxe4 Rc8 25. h4 b6 26. Rd6 Qb5 27. Bd4 Bd3 28. Qg4 Rc1+ 29. Kh2 Bg6 30. Rxb6 Qd5 31. h5 Qxh5+ 32. Qxh5 Bxh5 33. Rb5 Bg6 34. Rxa5 Rc2 35. Kg3 h5 36. Rg5 Kh7 37. f3 Rd2 38. a4 f6 39. Rxg6 Kxg6 40. a5 Rd1 41. a6 Ra1 42. a7 Kf7 43. b4 Ra2 44. b5 1-0

[Event "GCT Cote d Ivoire Rapid 2019"]
[Site "Abidjan"]
[Date "2019.05.09"]
[Round "5.5"]
[White "Ding, Liren"]
[Black "Nepomniachtchi, Ian"]
[Result "1-0"]
[ECO "A50"]
[WhiteElo "2786"]
[BlackElo "2776"]
[Annotator "RC"]
[PlyCount "101"]
[EventDate "2019.05.05"]
[EventType "tourn"]
[SourceTitle "playchess.com"]
[Source "ChessBase"]
[SourceQuality "1"]
[TimeMode "Bronstein"]
[TimeControl "1500+10"]

1. d4 Nf6 2. c4 g6 3. f3 c5 4. d5 e6 5. e4 d6 6. Nc3 Bg7 7. Nge2 exd5 8. cxd5 a6 9. a4 O-O 10. Ng3 Nbd7 11. Be2 Ne8 12. O-O Rb8 13. Re1 Nc7 14. Bf4 Qe7 15. Qd2 Re8 16. a5 b5 17. axb6 Rxb6 18. Ra5 Rb4 19. Nf1 Nb5 20. Nxb5 axb5 21. Rxb5 Rd4 22. Qa5 f5 23. Qc7 Be5 24. Bxe5 Qxe5 25. Ra5 Rb4 26. Ra8 Nb6 27. Raa1 fxe4 28. fxe4 Rxe4 29. Qxb6 Rxe2 30. Rxe2 Qxe2 31. Qxd6 Qxb2 32. Rd1 c4 33. Qc6 Rf8 34. Qxc4 Qf2+ 35. Kh1 Bg4 36. d6+ Rf7 37. Rb1 Be2 38. Qc8+ Rf8 39. Qe6+ Kg7 40. Qe5+ Kg8 41. Ne3 Bf3 42. h3 Bc6 43. Nd5 Re8 44. Nf6+ Kf8 45. Nxh7+ Kg8 46. Nf6+ Kf8 47. Qg5 Re6 48. d7 Re1+ 49. Rxe1 Qxe1+ 50. Kh2 Ke7 51. Qc5+ 1-0

[Event "GCT Cote d Ivoire Rapid 2019"]
[Site "Abidjan"]
[Date "2019.05.09"]
[Round "6.5"]
[White "Karjakin, Sergey"]
[Black "Amin, Bassem"]
[Result "1/2-1/2"]
[ECO "C84"]
[WhiteElo "2773"]
[BlackElo "2683"]
[Annotator "ChessBase"]
[PlyCount "99"]
[EventDate "2019.05.05"]
[EventType "tourn"]
[SourceTitle "playchess.com"]
[Source "ChessBase"]
[SourceQuality "1"]
[TimeMode "Bronstein"]
[TimeControl "1500+10"]

1. e4 e5 2. Nf3 Nc6 3. Bb5 a6 4. Ba4 Nf6 5. O-O Be7 6. d3 d6 7. c3 O-O 8. Re1 Re8 9. h3 b5 10. Bc2 Bb7 11. Nbd2 Bf8 12. d4 Nb8 13. a4 Nbd7 14. Bd3 c6 15. b3 Qc7 16. Bb2 g6 17. Qc2 Nh5 18. Bf1 Nf4 19. b4 Nb6 20. axb5 cxb5 21. Qb3 Rac8 22. Rac1 Nc4 23. g3 Ne6 24. dxe5 Nxd2 25. Nxd2 dxe5 26. c4 Qd6 27. Bc3 Nd4 28. Bxd4 Qxd4 29. Nf3 Qd7 30. h4 Bh6 31. Rc3 bxc4 32. Bxc4 Qe7 33. Rd3 Red8 34. Bd5 Bxd5 35. Rxd5 Rxd5 36. exd5 e4 37. d6 Qxd6 38. Rxe4 Qf6 39. Kg2 Rc3 40. Re8+ Bf8 41. Qd5 Qc6 42. Qxc6 Rxc6 43. Ne5 Rd6 44. Rb8 Rd5 45. Nc6 Kg7 46. Kf3 Rd6 47. Na5 Rd4 48. Nc6 Rd6 49. Na5 Rd4 50. Nc6 1/2-1/2